 Dungeon Crawl Stone Soup version 0.20.2-3-g29329e0561 (webtiles) character file.

779 Alfie the Covered (level 7, -1/61 HPs)
             Began as a Hill Orc Fighter on July 12, 2023.
             Slain by a hornet (8 damage)
             ... on level 5 of the Dungeon on July 13, 2023.
             The game lasted 00:11:16 (3617 turns).

Alfie the Covered (Hill Orc Fighter)                Turns: 3617, Time: 00:11:19

Health: -1/61      AC:  8    Str: 21    XL:     7   Next: 85%
Magic:  7/7        EV:  8    Int:  8    God:
Gold:   134        SH: 10    Dex: 10    Spells: 6/6 levels left

rFire    . . .     SeeInvis .   a - +3 rapier
rCold    . . .     Gourm    .   c - +0 shield
rNeg     . . .     Faith    .   b - +0 scale mail
rPois    .         Spirit   .   (no helmet)
rElec    .         Reflect  .   (no cloak)
rCorr    .         Harm     .   j - +0 pair of gloves
MR       .....                  (no boots)
Stlth    ..........             (no amulet)
Regen    0.2/turn               (no ring)
MPRegen  0.1/turn               (no ring)

@: lethally poisoned (-1 -> -5), slowed, very slow
A: no striking features
a: no special abilities


You were on level 5 of the Dungeon.
You were hungry.

You visited 1 branch of the dungeon, and saw 5 of its levels.

You collected 134 gold pieces.

Inventory:

Hand Weapons
 a - a +3 rapier (weapon)
Missiles
 r - 4 tomahawks (quivered)
Armour
 b - a +0 scale mail (worn)
 c - a +0 shield (worn)
 j - a +0 pair of gloves (worn)
Jewellery
 d - an uncursed ring of flight {unknown}
 e - an uncursed amulet of harm
Wands
 f - a wand of acid (15/15)
Scrolls
 i - a scroll of enchant weapon
 l - a scroll of magic mapping
 o - 3 scrolls of amnesia
 t - 4 scrolls of remove curse
Potions
 m - a potion of mutation {unknown}
 n - a potion of lignification
 p - a potion of agility {unknown}
 s - a potion of curing
 u - a potion of flight {unknown}
 v - a potion of haste {unknown}
Comestibles
 g - a meat ration
 h - 3 fruits
 k - 2 royal jellies
 q - 3 bread rations


   Skills:
 + Level 5.1 Fighting
 + Level 5.2 Short Blades
 + Level 0.1 Throwing
 + Level 5.3 Armour
 + Level 1.9 Dodging
 + Level 0.3 Stealth
 + Level 5.2 Shields


You had 6 spell levels left.
You didn't know any spells.

Dungeon Overview and Level Annotations

Branches:
Dungeon (5/15)
 Temple: D:4-7

Altars:
Elyvilon


Message History

You feel as though you will be slow longer.
It was a potion of curing.
You feel better. The hornet stings you.
* * * LOW HITPOINT WARNING * * *
You are poisoned.
You feel as though you will be slow longer.
You block the hornet's attack.
A jackal comes into view.
As you read the scroll of enchant weapon, it crumbles to dust.
Your +2 rapier glows red for a moment.
You feel sick.
The hornet stings you but does no damage.
The hornet stings you!
* * * LOW HITPOINT WARNING * * *
You feel as though you will be slow longer.
You hit the jackal.
The jackal is severely wounded.
You feel sick. The hornet completely misses you. You block the jackal's attack.
The hornet closely misses you.
The jackal bites you but does no damage.
The hornet stings you!
You die... ### # %. .# ..####. h#... . hs.

.. #y# ... #.#.##@#
... #....h.### ..
#.%.##...## ##.#
...........###..#
##..###..#...#.#####
# #...###...#....
...#.#.......#
#...#.........#
......#........#


You could see a hornet, a scorpion and 3 jackals.

Vanquished Creatures
  The ghost of Alfie the Shield-Bearer, an amateur HOFi (D:3)
  An ogre (D:4)
  A hound (D:4)
  A centaur zombie (D:5)
  A quasit (D:4)
  A centaur skeleton (D:4)
  7 worker ants
  9 adders
  An ooze (D:3)
  3 worms
  2 dart slugs
  5 leopard geckos
  4 orcs
  A ball python (D:2)
  3 giant cockroaches
  5 goblins
  7 hobgoblins
  6 jackals
  2 quokkas (D:2)
  8 bats
  4 frilled lizards
  14 kobolds
  A quokka skeleton (D:4)
  14 rats
  2 plants (D:1)
104 creatures vanquished.

Vanquished Creatures (others)
  A plant (D:1)
1 creature vanquished.

Grand Total: 105 creatures vanquished

Notes
Turn   | Place    | Note
-------+----------+-------------------------------------------
     0 | D:1      | Alfie the Hill Orc Fighter began the quest for the Orb.
     0 | D:1      | Reached XP level 1. HP: 19/19 MP: 1/1
   226 | D:1      | Reached XP level 2. HP: 27/27 MP: 2/2
   586 | D:1      | Reached XP level 3. HP: 33/33 MP: 3/3
  1029 | D:2      | Found a white marble altar of Elyvilon.
  1236 | D:2      | Reached XP level 4. HP: 33/40 MP: 4/4
  1879 | D:3      | Noticed Alfie's ghost (amateur HOFi)
  1889 | D:3      | HP: 1/41 [Alfie's ghost (9)]
  1903 | D:3      | Killed Alfie's ghost
  1903 | D:3      | Reached XP level 5. HP: 3/47 MP: 5/5
  1903 | D:3      | Reached XP level 6. HP: 3/53 MP: 6/6
  2784 | D:4      | Reached skill level 5 in Fighting
  2784 | D:4      | Reached skill level 5 in Short Blades
  2784 | D:4      | Reached XP level 7. HP: 41/61 MP: 7/7
  2804 | D:5      | Entered Level 5 of the Dungeon
  2812 | D:4      | Reached skill level 1 in Dodging
  2831 | D:4      | Reached skill level 5 in Armour
  3057 | D:4      | Reached skill level 5 in Shields
  3607 | D:5      | Noticed a hornet
  3617 | D:5      | Slain by a hornet

Skill      XL: |  1  2  3  4  5  6  7 |
---------------+----------------------+-----
Fighting       | 4 5 |  5.1
Shields        | 4 5 |  5.2
Armour         | 4 5 |  5.3
Short Blades   | 4 5 |  5.2
Dodging        | 1 |  1.9
Throwing       | |  0.1
Stealth        | |  0.3

Action                   |  1- 3 |  4- 6 |  7- 9 || total
-------------------------+-------+-------+-------++-------
Melee: Rapier            |   204 |   195 |    89 ||   488
Throw: Tomahawk          |       |       |     3 ||     3
  Use: Scroll            |     6 |     4 |     1 ||    11
       Potion            |       |     2 |     2 ||     4
  Eat: Bread ration      |     1 |       |       ||     1
       Fruit             |       |     3 |     2 ||     5
Armor: Scale mail        |    57 |    72 |    48 ||   177
       Skin              |       |       |    40 ||    40
Dodge: Dodged            |    30 |    56 |    40 ||   126
Block: Shield            |    68 |    99 |    88 ||   255
